 Dungeon Sprint DCSS version 0.31-a0-851-g7ff8af7976 (webtiles) character file.

Game seed: 8620024599815311791

1778 sircluck the Grappler (level 8, -1/93 HPs)
             Began as a Troll Berserker on Oct 5, 2023.
             Was a High Priest of Trog.
             Slain by a blink frog (13 damage)
             ... in the Dungeon (Sprint VII: "The Pits").
             The game lasted 00:01:02 (368 turns).

sircluck the Grappler (Troll Berserker)              Turns: 368, Time: 00:01:03

Health: -1/93      AC:  4    Str: 28    XL:     8   Next: 81%
Magic:  7/7        EV: 12    Int:  3    God:    Trog [*****.]
Gold:   0          SH:  0    Dex:  9    Spells: 7/7 levels left

rFire   . .          .
                       - Unarmed
rCold   . . .        (no shield)
rNeg    . . .        a - +0 animal skin
rPois   .            (helmet restricted)
rElec   .            (no cloak)
rCorr   .            (gloves unavailable)
SInv    .            (boots unavailable)
Will    .....        (no amulet)
Stlth   +            (no ring)
HPRegen 1.15/turn    (no ring)
MPRegen 0.10/turn

%: no teleportation
@: no status effects
A: large, unfitting armour, claws 3, regeneration 1, shaggy fur 1, tough skin 1
a: Renounce Religion, Berserk, Trog's Hand, Brothers in Arms


You were in the Dungeon.
You worshipped Trog.
Trog was extremely pleased with you.
You visited 1 branch

Inventory:

Armour
 a - a +0 animal skin (worn)
Scrolls
 g - a scroll of blinking
 i - 2 scrolls of vulnerability
 j - a scroll of summoning
Potions
 b - 6 potions of curing
 c - 5 potions of heal wounds
 d - a potion of haste
 e - 4 potions of magic
 f - 3 potions of berserk rage
 h - 2 potions of invisibility


   Skills:
 + Level 10.1 Fighting
 + Level 10.0 Dodging
 + Level 11.9 Unarmed Combat


You had 7 spell levels left.
You didn't know any spells.
Your spell library was empty.

Dungeon Overview and Level Annotations

Branches:
Dungeon (1/1)

Altars:
Ashenzari
Cheibriados
Dithmenos
Elyvilon
Fedhas
Gozag
Hepliaklqana
Kikubaaqudgha
Makhleb
Nemelex Xobeh
Okawaru
Qazlal
Ru
Sif Muna
Trog
Uskayaw
Vehumet
Wu Jian
Xom
Yredelemnul
Zin
The Shining One
Jiyva
Lugonu


Innate Abilities, Weirdness & Mutations

You are too large for most types of armour.
You have claws for hands.
Your natural rate of healing is unusually fast.
You are covered in fur. (AC +1)
You have tough skin. (AC +1)


Message History

You claw the hell rat!
You kill the hell rat!
Trog accepts your kill.
Unknown command.
You mangle the blink frog!!
The blink frog is severely wounded.
You hear a loud, deep croak!
The blink frog blinks!
You claw the blink frog!
The blink frog is heavily wounded.
The blink frog closely misses you.
You scratch the blink frog.
The blink frog is heavily wounded.
The blink frog blinks!
The blink frog hits you!
* * * LOW HITPOINT WARNING * * *
The blink frog blinks!
Unknown command.
Unknown command.
You feel much better.
The blink frog blinks!
The blink frog hits you but does no damage.
Unknown command.
Unknown command.
You barely miss the blink frog.
The blink frog blinks!
The blink frog barely misses you. The blink frog barely misses you.
A worm comes into view.
The blink frog blinks!
Things that are here:
a hell rat corpse; a blink frog corpse; a blink frog corpse You closely miss the blink frog.
The blink frog is severely wounded.
The blink frog hits you!
* * * LOW HITPOINT WARNING * * *
Your ogre goes berserk!
The blink frog hits you!
* * * LOW HITPOINT WARNING * * *
The blink frog blinks!
The blink frog barely misses you.
The blink frog blinks!
You miss the blink frog. The blink frog barely misses you.
Your ogre misses the blink frog. The blink frog hits you!
You die...

#.#))#.....##.......##....
#.#..###'####.......##....
#.##'#..)).##...<...##....
#.#........##.......##...#
#.#........##.......##..##
#'###########.......##++#
#.......#.O##########
#...#...#F## #...#...#@#
#.##.##.#w#
#...#...#F'..r.+
#...#...#'#...F#
#.......'†#....#
########### ####


You could see 2 blink frogs, a worm and a friendly ogre (summoned, berserk).

Vanquished Creatures
  A deep elf pyromancer (D)
  Prince Ribbit (D)
  2 blink frogs (D)
  A yak (D)
  2 water moccasins (D)
  A sky beast (D)
  A phantom (D)
  A necrophage (D)
  A bullfrog (D)
  2 wights (D)
  An iguana (D)
  A hell rat (D)
  An adder (D)
  A river rat (D)
  An adder zombie (D)
  2 goblins (D)
  2 kobolds (D)
  2 frilled lizards (D)
  A quokka skeleton (D)
  A rat (D)
26 creatures vanquished.

Notes
Turn   | Place    | Note
-------+----------+-------------------------------------------
     0 | D        | sircluck the Troll Berserker began the quest for the Orb.
     0 | D        | Reached XP level 1. HP: 22/22 MP: 0/0
    11 | D        | Noticed a deep elf pyromancer
    20 | D        | Killed a deep elf pyromancer
    20 | D        | Reached ** piety under Trog
    21 | D        | Reached skill level 8 in Unarmed Combat
    21 | D        | Reached XP level 2. HP: 12/40 MP: 1/1
    21 | D        | Reached XP level 3. HP: 14/46 MP: 2/2
    21 | D        | Reached XP level 4. HP: 17/55 MP: 3/3
    21 | D        | Reached XP level 5. HP: 20/62 MP: 4/4
    21 | D        | Reached XP level 6. HP: 22/71 MP: 5/5
    96 | D        | Found a bloodstained altar of Trog.
    96 | D        | Found a shimmering blue altar of Sif Muna.
    96 | D        | Found a viscous altar of Jiyva.
    96 | D        | Found a hazy altar of Hepliaklqana.
    96 | D        | Found an opulent altar of Gozag.
    97 | D        | Found a glowing golden altar of the Shining One.
    97 | D        | Found a glowing silver altar of Zin.
    97 | D        | Found a basalt altar of Yredelemnul.
    97 | D        | Found a shimmering altar of Xom.
    97 | D        | Found an ornate altar of the Wu Jian Council.
    97 | D        | Found a sacrificial altar of Ru.
    97 | D        | Found a stormy altar of Qazlal.
    97 | D        | Found an iron altar of Okawaru.
    97 | D        | Found a sparkling altar of Nemelex Xobeh.
    97 | D        | Found a burning altar of Makhleb.
    97 | D        | Found a blossoming altar of Fedhas.
    97 | D        | Found a white marble altar of Elyvilon.
    97 | D        | Found a shadowy altar of Dithmenos.
    97 | D        | Found a snail-covered altar of Cheibriados.
   101 | D        | Found a corrupted altar of Lugonu.
   101 | D        | Found a radiant altar of Vehumet.
   102 | D        | Found a broken altar of Ashenzari.
   102 | D        | Found an ancient bone altar of Kikubaaqudgha.
   102 | D        | Found a hide-covered altar of Uskayaw.
   150 | D        | Reached *** piety under Trog
   167 | D        | Reached **** piety under Trog
   211 | D        | Noticed Prince Ribbit
   211 | D        | Noticed a water moccasin
   211 | D        | Noticed a sky beast
   222 | D        | Reached skill level 9 in Unarmed Combat
   235 | D        | Killed Prince Ribbit
   236 | D        | Reached XP level 7. HP: 63/81 MP: 6/6
   242 | D        | Reached ***** piety under Trog
   243 | D        | Reached skill level 10 in Unarmed Combat
   307 | D        | Noticed a yak
   311 | D        | Killed a yak
   312 | D        | Reached XP level 8. HP: 79/92 MP: 7/7
   329 | D        | Received a gift from Trog
   330 | D        | Reached skill level 11 in Unarmed Combat
   345 | D        | Noticed a blink frog
   345 | D        | Noticed a blink frog
   345 | D        | Noticed a blink frog
   345 | D        | Noticed a blink frog
   345 | D        | Noticed a blink frog
   351 | D        | Killed a blink frog
   356 | D        | Killed a blink frog
   357 | D        | Reached skill level 10 in Fighting
   357 | D        | Reached skill level 10 in Dodging
   368 | D        | Slain by a blink frog

Illustrated notes

Levels and vault maps discovered:
D:        pitsprint [storerooms_1, entrance_room_1, metal_vault_4, armoury_3,
          mini_pit_1, grid_room_1, main_hall_1, silver_pit, the_coven_1,
          the_vestibule_1, steel_vault_4, golden_pit, hallway_of_sentries,
          crystal_vault_4, iron_vault_4, final_vault]

Skill      XL: |  1  2  3  4  5  6  7  8 |
---------------+-------------------------+-----
Fighting       | 7 8 9 10 | 10.1
Dodging        | 7 8 9 10 | 10.0
Unarmed Combat | 8 9 10 11 | 11.9

Action                     |  1- 3 |  4- 6 |  7- 9 || total
---------------------------+-------+-------+-------++-------
  Melee: Unarmed           |     4 |    29 |    49 ||    82
         Punch             |       |       |     3 ||     3
 Invoke: Berserk           |     1 |       |       ||     1
         Brothers in Arms  |       |       |     1 ||     1
    Use: Potion            |       |       |     1 ||     1
 Armour: Animal skin       |     1 |    15 |    27 ||    43
  Dodge: Dodged            |     1 |    17 |    14 ||    32

Table legend: (Time is in decaauts)
 A = Elapsed time spent in this place.
 B = Non-inter-level travel time spent in this place.
 C = Inter-level travel time spent in this place.
 D = Time resting spent in this place.
 E = Time spent auto-exploring this place.
 F = Levels seen in this place.
 G = Mean time per level.
                   A        B        C        D        E       F      G
               +--------+--------+--------+--------+--------+-----+--------+
         Total |    364 |    364 |      0 |     61 |    129 |   1 |  364.0 |
       Dungeon |    364 |    364 |      0 |     61 |    129 |   1 |  364.0 |
               +--------+--------+--------+--------+--------+-----+--------+

Top non-repeatable levels by time:
       D: 364 daAuts
